 Dungeon Crawl Stone Soup version 0.17-a0-1713-gdf939a4 (webtiles) character file.

117874 Grim the Brawler (level 16, 0/144 HPs)
             Began as a Ghoul Monk on Aug 22, 2015.
             Was the Champion of Cheibriados.
             Slain by a wolf spider (10 damage)
             ... on level 1 of the Spider Nest on Aug 23, 2015.
             The game lasted 02:33:49 (29003 turns).

Grim the Brawler (Ghoul Monk)                      Turns: 29003, Time: 02:33:49

Health: 0/144      AC: 31    Str: 37    XL:     16   Next: 75%
Magic:  22/22      EV: 24    Int: 20    God:    Cheibriados [******]
Gold:   763        SH:  0    Dex: 29    Spells: 3 memorised, 10 levels left

rFire  . . .     SeeInvis .       - Unarmed
rCold  + . .     Clarity  .     L - +7 shadow dragon armour
rNeg   + + +     SustAt   .     (no shield)
rPois  ∞         Gourm    .     I - +1 hat
rElec  +         Spirit   .     g - +0 cloak
rCorr  +         Warding  .     (no gloves)
rMut   .         Stasis   .     W - +3 pair of boots "Pies" {rPois rCorr Str+3}
MR     +....                    (no amulet)
Stlth  +++++.....               (no ring)
                                F - ring "Kucext" {+Fly rElec AC+2}

@: rotting, very slow, somewhat resistant to hostile enchantments, quite
stealthy
A: rotting body, claws 1, carnivore 3, cold resistance 1, negative energy
resistance 3, slow healing 1, torment resistance, unbreathing
a: Bend Time, Temporal Distortion, Slouch, Step From Time, Renounce Religion,
Evoke Flight


You were on level 1 of the Spider Nest.
You worshipped Cheibriados.
Cheibriados was exalted by your worship.
You were not hungry.

You visited 5 branches of the dungeon, and saw 29 of its levels.
You also visited: Sewer and Volcano.

You collected 2658 gold pieces.
You spent 1895 gold pieces at shops.

Inventory:

Armour
 g - a +0 cloak (worn)
 I - a +1 hat (worn)
 L - a +7 shadow dragon armour (worn)
 W - the +3 pair of boots "Pies" (worn) {rPois rCorr Str+3}
   (You acquired it on level 5 of the Dungeon)

   It affects your strength (+3).
   It protects you from poison.
   It protects you from acid and corrosion.
Jewellery
 F - the ring "Kucext" (left claw) {+Fly rElec AC+2}
   (You bought it in a shop on level 5 of the Dungeon)

   [ring of protection]

   It affects your AC (+2).
   It insulates you from electricity.
   It lets you fly.
 M - an uncursed ring of protection from fire
 Q - an uncursed ring of teleportation
Magical devices
 h - a wand of disintegration (0)
 i - a wand of fire (8)
 v - a wand of lightning (7)
 E - a wand of confusion (36)
 N - a wand of fire (10)
 O - a wand of slowing (30)
 V - a wand of teleportation (7)
 Z - a wand of teleportation (4)
Scrolls
 e - a scroll of immolation
 j - 3 scrolls of recharging
 k - 8 scrolls of magic mapping
 l - 7 scrolls of amnesia
 m - a scroll of enchant weapon
 x - 6 scrolls of remove curse
 y - 3 scrolls of fog
 G - 4 scrolls of fear
 H - 3 scrolls of blinking
 P - a scroll of torment {unknown}
 S - 5 scrolls of teleportation
 U - a scroll of vulnerability {unknown}
Potions
 a - 3 potions of resistance
 c - 2 potions of flight
 o - 3 potions of brilliance
 p - 4 potions of agility
 q - 7 potions of curing
 t - 3 potions of might
 z - a potion of mutation {!q}
 C - a potion of invisibility
 D - a potion of cure mutation {unknown}
 T - 4 potions of cancellation
Books
 w - a book of Party Tricks

   Spells                             Type                      Level
   a - Summon Butterflies             Summoning                    1
   b - Apportation                    Translocation                1
   c - Tukima's Dance                 Hexes                        3
   d - Alistair's Intoxication        Transmutation/Poison         4
   e - Invisibility                   Hexes                        6
 Y - a book of Minor Magic

   Spells                             Type                      Level
   a - Magic Dart                     Conjuration                  1
   b - Blink                          Translocation                2
   c - Call Imp                       Summoning                    2
   d - Repel Missiles                 Charms/Air                   2
   e - Slow                           Hexes                        2
   f - Conjure Flame                  Conjuration/Fire             3
   g - Mephitic Cloud                 Conjuration/Poison/Air       3
Miscellaneous
 R - a lamp of fire
Comestibles
 b - 12 meat rations
 d - 5 chunks of flesh
 f - 6 slices of pizza
 n - 10 royal jellies
 u - 10 beef jerkies


   Skills:
 + Level 13.4 Fighting
 * Level 11.5 Armour
 - Level 13.0 Dodging
 - Level 6.8 Stealth
 - Level 17.9 Unarmed Combat
 * Level 1.4 Translocations
 - Level 9.3 Invocations
 - Level 1.0 Evocations


You had 10 spell levels left.
You knew the following spells:

 Your Spells              Type           Power        Failure   Level  Hunger
a - Apportation           Tloc           #.........   38%         1    ##.....
b - Blink                 Tloc           N/A          58%         2    ###....
c - Repel Missiles        Chrm/Air       #.....       82%         2    ###....


Dungeon Overview and Level Annotations

Branches:
Dungeon (15/15)            Temple (1/1) D:4            Lair (8/8) D:9
 Shoals (0/4) Lair:6       Spider (1/4) Lair:6        Slime (0/6) Lair:6
    Orc (4/4) D:12            Elf (0/3) Orc:4        Vaults (0/5) D:13
 Depths (0/5) D:15

Altars:
Ashenzari
Cheibriados
Dithmenos
Elyvilon
Fedhas
Gozag
Kikubaaqudgha
Makhleb
Nemelex Xobeh
Okawaru
Qazlal
Ru
Sif Muna
Trog
Vehumet
Xom
Yredelemnul
Zin
The Shining One
Beogh

Shops:
D:5 =(*?   Orc:1 }   Orc:3 %   Orc:4 :([*

Annotations:
D:2 Robin


Innate Abilities, Weirdness & Mutations

Your body is rotting away.
You thrive on raw meat.
You are immune to poison.
You have sharp fingernails.
You are carnivorous and can eat meat at any time.
Your flesh is cold resistant.
You are immune to negative energy.
You heal slowly when monsters are visible.
You are immune to unholy pain and torment.
You can survive without breathing.


Message History

The trapdoor spider bites you but does no damage.
The wolf spider barely misses you. The wolf spider bites you!
* * * LOW HITPOINT WARNING * * *
Drink which item? (? for menu, Esc to quit)
You feel better. The redback completely misses you.
The trapdoor spider closely misses you. The wolf spider misses you.
The wolf spider bites you!
* * * LOW HITPOINT WARNING * * *
The tarantella bites you.
* * * LOW HITPOINT WARNING * * *
You are confused.
The redback completely misses you. The trapdoor spider barely misses you.
The wolf spider closely misses you. The wolf spider misses you.
Drink which item? (? for menu, Esc to quit)
You feel better. The wolf spider barely misses you.
The wolf spider bites you but does no damage.
The tarantella misses you. The redback closely misses you.
The trapdoor spider bites you but does no damage.
The wolf spider closely misses you. The wolf spider bites you!
You die...

.........#.........
......).......#......
.....................
....#.............#..
...........#.....[...
.......#..†..s.......
.........†...........
.....#.....ss........
. #.†..<..@s.......
#.=.#†...sss.......
....?................
.#...#............#..
....................#
................#....
.....s............#>.
....s.........(..>..
...............


You could see 2 wolf spiders, an orb spider, a trapdoor spider, 2 tarantellas
and 3 redbacks.

Vanquished Creatures
  Kirke (D:15)
  Roxanne (D:15)
  Maud (D:11)
  A fire giant (D:15)
  An orc warlord (Orc:4)
  Nessos (D:15)
  Snorg (Lair:6)
  3 vault guards (D:13)
  Josephine (Lair:7)
  Harold (Lair:2)
  3 catoblepae (Lair:8)
  Erolcha (D:10)
  9 hydras
  Erica (Lair:2)
  A centaur warrior (D:13)
  2 ogre magi (D:15)
  32 death yaks
  Urug (D:10)
  4 orc high priests (Orc:4)
  An unseen horror (D:12)
  A deep elf conjurer (Orc:4)
  An orb spider (Spider:1)
  A hill giant (D:11)
  3 wolf spiders
  8 orc knights
  An ugly thing (D:13)
  3 slime creatures (D:13)
  4 orc sorcerers
  3 cyclopes (D:12)
  2 griffons (Lair:7)
  An octopode (shapeshifter) (D:15)
  A manticore (D:13)
  5 elephants (Lair:8)
  6 black mambas
  A siren (Lair:6)
  2 centaur zombies (D:14)
  Psyche (D:9)
  6 gargoyles
  10 spiny frogs
  A kobold demonologist (D:15)
  A redback zombie (D:13)
  8 komodo dragons
  2 jumping spiders (Spider:1)
  An efreet (Volcano)
  3 fire drakes
  A tengu conjurer (D:13)
  9 trolls
  3 polar bears
  11 blink frogs
  2 trapdoor spider zombies
  2 two-headed ogres (D:15)
  A shadow (D:11)
  Sigmund (D:3)
  5 redbacks
  A water elemental (D:13)
  4 trapdoor spiders
  A tarantella (Orc:1)
  A vampire (D:15)
  The ghost of max the Skirmisher, an average MiBe of Trog (D:3)
  A deep elf mage (D:12)
  51 yaks
  5 wraiths
  2 basilisks (Lair:1)
  12 hippogriffs
  A hog (D:15)
  A golden eye (shapeshifter) (D:15)
  2 hungry ghosts
  A deep elf fighter (D:13)
  2 fire elementals (Volcano)
  3 wolves (Lair:3)
  9 swamp worms (Lair:1)
  A warg (Orc:4)
  34 water moccasins
  3 mottled dragons
  3 ice beasts
  48 orc warriors
  3 sky beasts
  3 phantoms
  3 spiders
  3 black bears
  14 porcupines
  2 wasps (D:10)
  18 centaurs
  21 ogres
  23 crocodiles
  7 big kobolds
  29 giant frogs
  5 brain worms
  A wyvern zombie (D:8)
  6 scorpions
  3 wights (D:7)
  A vampire bat (D:11)
  30 killer bees
  5 crimson imps
  2 quasits
  A wasp zombie (D:8)
  36 orc wizards
  A giant frog zombie (D:13)
  4 centaur skeletons
  9 hounds
  3 jellies
  3 gnoll shamans (D:7)
  10 hell rats (Lair:6)
  3 giant frog skeletons
  14 iguanas
  33 orc priests
  12 worker ants
  14 sheep
  2 hound skeletons (D:5)
  A worker ant zombie (D:9)
  58 river rats
  20 gnolls
  21 adders
  3 shadow imps
  6 oozes
  11 worms
  9 giant geckos
  204 orcs
  6 ball pythons
  15 bats
  7 giant cockroaches
  8 goblins
  5 hobgoblins
  9 jackals
  4 quokkas
  A giant gecko skeleton (D:5)
  8 giant newts
  40 kobolds
  2 quokka skeletons
  29 rats
  2 plants
1158 creatures vanquished.

Vanquished Creatures (others)
  A centaur zombie (D:13)
  4 humans (D:15)
  2 water moccasins (D:13)
  A killer bee (D:13)
  A worker ant (D:13)
  An adder (D:13)
  50 fungi
  9 plants
69 creatures vanquished.

Grand Total: 1227 creatures vanquished

Notes
Turn   | Place    | Note
--------------------------------------------------------------
     0 | D:1      | Grim the Ghoul Monk began the quest for the Orb.
     0 | D:1      | Reached XP level 1. HP: 19/19 MP: 0/0
    68 | D:1      | Reached XP level 2. HP: 26/26 MP: 1/1
   170 | D:1      | Reached skill level 5 in Unarmed Combat
   605 | D:2      | Noticed Robin
   608 | D:2      | Reached XP level 3. HP: 25/31 MP: 2/2
  1003 | D:2      | Found a shattered altar of Ashenzari.
  1246 | D:2      | Reached skill level 6 in Unarmed Combat
  1246 | D:2      | Reached XP level 4. HP: 38/38 MP: 3/3
  1362 | D:3      | Found a glowing drain.
  1425 | Sewer    | Entered a sewer
  1508 | Sewer    | Noticed a big kobold
  1525 | Sewer    | Killed a big kobold
  1525 | Sewer    | Reached skill level 5 in Fighting
  1525 | Sewer    | Reached XP level 5. HP: 22/47 MP: 4/4
  1934 | D:3      | Reached XP level 6. HP: 17/57 MP: 5/5
  2254 | D:3      | Noticed Sigmund
  2268 | D:3      | Killed Sigmund
  2268 | D:3      | Reached skill level 7 in Fighting
  2268 | D:3      | Reached XP level 7. HP: 46/66 MP: 6/6
  2581 | D:3      | Reached skill level 1 in Armour
  2817 | D:3      | Noticed max's ghost (average MiBe)
  2828 | D:3      | Killed max's ghost
  3235 | D:4      | Found a staircase to the Ecumenical Temple.
  3276 | Temple   | Entered the Ecumenical Temple
  3341 | Temple   | Became a worshipper of Cheibriados the Contemplative
  3341 | Temple   | Acquired Cheibriados's first power
  3403 | D:4      | Reached XP level 8. HP: 66/73 MP: 7/7
  3627 | D:4      | Found a sparkling altar of Nemelex Xobeh.
  3755 | D:5      | Entered Level 5 of the Dungeon
  3797 | D:5      | Reached skill level 5 in Armour
  3803 | D:5      | Found Kaugh's Magic Scroll Shop.
  3832 | D:5      | Bought a scroll of identify for 22 gold pieces
  3983 | D:5      | Found Gaecant's Jewellery Shoppe.
  4077 | D:5      | Acquired Cheibriados's second power
  4310 | D:5      | Found Mies Namn's Weapon Shoppe.
  4386 | D:5      | Found Cesk's General Store.
  5017 | D:6      | Reached XP level 9. HP: 75/79 MP: 8/8
  5263 | D:6      | Reached skill level 8 in Armour
  5863 | D:7      | Acquired Cheibriados's third power
  5987 | D:7      | Reached skill level 9 in Armour
  6325 | D:7      | Reached skill level 10 in Armour
  6618 | D:7      | Reached XP level 10. HP: 8/86 MP: 9/9
  6620 | D:7      | Acquired Cheibriados's fourth power
  6658 | D:7      | Got a translucent ring mail
  6671 | D:7      | Identified the +3 ring mail "Oguozi" {rN+ MR+++ Str+7 Dex-3} (You took it off an orc warrior on level 7 of the Dungeon)
  6731 | D:7      | Reached skill level 11 in Armour
  7169 | D:7      | Noticed a moth of wrath
  7173 | D:7      | Found a bloodstained altar of Trog.
  7604 | D:8      | Found an ancient bone altar of Kikubaaqudgha.
  8205 | D:9      | Found a staircase to the Lair.
  8231 | D:9      | Reached skill level 5 in Dodging
  8428 | D:9      | Reached XP level 11. HP: 82/92 MP: 10/10
  8513 | D:9      | Noticed Psyche
  8519 | D:9      | Killed Psyche
  8675 | D:9      | Reached skill level 10 in Unarmed Combat
  8852 | D:9      | Found a glowing silver altar of Zin.
  8852 | D:9      | Found an opulent altar of Gozag.
  9012 | D:5      | Bought the ring "Kucext" {+Fly rElec AC+2} for 391 gold pieces
  9177 | Lair:1   | Entered Level 1 of the Lair of Beasts
  9640 | Lair:1   | Got an ancient morningstar
  9641 | Lair:1   | Identified the +6 morningstar "Suuled" {crush, rElec rN+ Str+4} (You found it on level 1 of the Lair of Beasts)
 10927 | Lair:1   | Got a pitted short sword
 10953 | Lair:1   | Identified the +9 short sword of Budimaotit {drain, rF+ Str+4 Dex+4} (You found it on level 1 of the Lair of Beasts)
 11271 | Lair:2   | Reached skill level 12 in Unarmed Combat
 11282 | Lair:2   | Noticed Erica
 11302 | Lair:2   | Identified 2 scrolls of acquirement
 11328 | Lair:2   | Got a faintly glowing buckler
 11334 | Lair:2   | Identified the +0 buckler of Guhor {rF+} (You acquired it on level 2 of the Lair of Beasts)
 11404 | Lair:2   | Killed Erica
 11409 | Lair:2   | Noticed a death yak
 11488 | Lair:2   | Reached XP level 12. HP: 55/100 MP: 11/11
 11652 | Lair:2   | Reached skill level 13 in Unarmed Combat
 11912 | Lair:2   | Noticed a death yak
 11920 | Lair:2   | Noticed a death yak
 11942 | Lair:2   | Upgraded the game from 0.17-a0-1708-gbd78d88 to 0.17-a0-1713-gdf939a4
 11943 | Lair:2   | Killed a death yak
 11947 | Lair:2   | Killed a death yak
 11953 | Lair:2   | Killed a death yak
 12493 | Lair:2   | Noticed Harold
 12503 | Lair:2   | Killed Harold
 13347 | Lair:3   | Reached skill level 14 in Unarmed Combat
 13526 | Lair:3   | Noticed a five-headed hydra
 13554 | Lair:3   | Killed a five-headed hydra
 13933 | Lair:4   | Noticed a four-headed hydra
 13940 | Lair:4   | Killed a four-headed hydra
 14071 | Lair:4   | Reached skill level 15 in Unarmed Combat
 14149 | Lair:4   | Found a labyrinth entrance.
 14165 | Lair:4   | Reached XP level 13. HP: 112/112 MP: 12/12
 14256 | Lair:4   | Reached skill level 10 in Fighting
 14544 | Lair:5   | Found a dark tunnel.
 14556 | Volcano  | Entered a volcano
 14868 | Lair:5   | You fall through a shaft for 2 floors!
 14868 | Lair:7   | Noticed Josephine
 14881 | Lair:7   | Killed Josephine
 15651 | Lair:6   | Reached skill level 1 in Invocations
 15662 | Lair:6   | Found a staircase to the Slime Pits.
 15663 | Lair:6   | Noticed Snorg
 15678 | Lair:6   | Killed Snorg
 16266 | Lair:6   | Found a staircase to the Shoals.
 16334 | Lair:6   | Found a hole to the Spider Nest.
 16845 | Lair:7   | Reached skill level 5 in Invocations
 17135 | Lair:7   | Reached XP level 14. HP: 124/124 MP: 18/18
 17640 | Lair:7   | Reached skill level 10 in Dodging
 18025 | Lair:8   | Entered Level 8 of the Lair of Beasts
 18361 | Lair:1   | Noticed an eight-headed hydra
 18370 | Lair:1   | Killed an eight-headed hydra
 18572 | D:5      | Bought a scroll of acquirement for 572 gold pieces
 18577 | D:5      | Got a pair of crude boots
 18588 | D:5      | Identified the +3 pair of boots "Pies" {rPois rCorr Str+3} (You acquired it on level 5 of the Dungeon)
 19468 | Lair:8   | Got a faintly glowing bardiche
 19469 | Lair:8   | Identified the +2 bardiche of Purpose {chop, *Confuse +Inv rF+ Str+4} (You found it on level 8 of the Lair of Beasts)
 19700 | Lair:8   | Reached XP level 15. HP: 134/134 MP: 21/21
 20491 | D:10     | Entered Level 10 of the Dungeon
 20555 | D:10     | Noticed Urug
 20566 | D:10     | Killed Urug
 20824 | D:10     | Found a roughly hewn altar of Beogh.
 20902 | D:10     | Noticed Erolcha
 20909 | D:10     | Killed Erolcha
 21557 | D:11     | Noticed Maud
 21575 | D:11     | Killed Maud
 22806 | D:12     | Found a staircase to the Orcish Mines.
 23183 | D:12     | Found a basalt altar of Yredelemnul.
 23504 | D:13     | Found a gate to the Vaults.
 23549 | D:13     | Reached skill level 16 in Unarmed Combat
 24201 | D:13     | Got a shimmering plate armour
 24212 | D:13     | Identified the +3 plate armour of Wasted Space {rN+ Int+4} (You found it on level 13 of the Dungeon)
 24448 | D:14     | Reached skill level 1 in Evocations
 24481 | D:14     | Found a shattered altar of Ashenzari.
 24704 | D:14     | Got a faintly glowing falchion
 24705 | D:14     | Identified the cursed +1 falchion "Eklyefuo" {slice, MR+++ Str+5 Int-2} (You found it on level 14 of the Dungeon)
 24797 | D:15     | Entered Level 15 of the Dungeon
 24799 | D:15     | Noticed Roxanne
 24858 | D:15     | Noticed Kirke
 24864 | D:15     | Killed Kirke
 24864 | D:15     | Reached XP level 16. HP: 126/142 MP: 22/22
 25011 | D:15     | Noticed a fire giant
 25016 | D:15     | Found a staircase to the Depths.
 25018 | D:15     | Killed a fire giant
 25067 | D:15     | Reached skill level 17 in Unarmed Combat
 25287 | D:15     | Noticed Nessos
 25304 | D:15     | Killed Nessos
 25634 | D:15     | Found a blossoming altar of Fedhas.
 25678 | D:15     | Reached skill level 5 in Stealth
 25753 | D:15     | Killed Roxanne
 25768 | D:15     | Identified Roxanne's Collected Works on Unstable Stones (You took it off Roxanne on level 15 of the Dungeon)
 25929 | Orc:1    | Entered Level 1 of the Orcish Mines
 26044 | Orc:1    | Found Dunuazio's Gadget Shop.
 27129 | Orc:3    | Found Ise Feur's Food Shoppe.
 27519 | Orc:3    | Found a roughly hewn altar of Beogh.
 27628 | Orc:4    | Entered Level 4 of the Orcish Mines
 27679 | Orc:4    | Found a staircase to the Elven Halls.
 27843 | Orc:4    | Found Wewnasum's General Store.
 27918 | Orc:4    | Found Ownenner's Antique Armour Emporium.
 28034 | Orc:4    | Found Fuqus's Antique Weapon Boutique.
 28139 | Orc:4    | Found Kema Bil's Book Emporium.
 28169 | Orc:4    | Bought a book of Minor Magic for 260 gold pieces
 28169 | Orc:4    | Bought a book of Party Tricks for 650 gold pieces
 28171 | Orc:4    | Learned a level 1 spell: Apportation
 28174 | Orc:4    | Learned a level 2 spell: Blink
 28177 | Orc:4    | Learned a level 2 spell: Repel Missiles
 28178 | Orc:4    | Found a roughly hewn altar of Beogh.
 28961 | Spider:1 | Entered Level 1 of the Spider Nest
 28973 | Spider:1 | Reached skill level 1 in Translocations
 29002 | Spider:1 | HP: 5/144 [tarantella (6)]
 29003 | Spider:1 | Slain by a wolf spider

Vault maps used:
D:1:      ncdulo_lavacross
D:2:      nicolae_overflow_hidden_temple, uniq_robin
D:3:      first_bread, portal_sewer_entry_f, uniq_sigmund
D:4:      temple_pool_b, nemelex_dance_club_becter
D:5:      serial_shops, shop, shop, shop, shop, st_stairs_7, fountainhead,
          minivault_24
D:7:      kennysheep_seaside_town, tgw_trog
D:8:      nicolae_overflow_crystal_walls
D:9:      grunt_temple_overflow_gold_and_silver, due_lair_maze_entry_diamond,
          uniq_psyche
D:10:     hangedman_pestilent_swarm, david_defended_altar_orc, uniq_urug,
          uniq_erolcha
D:11:     minmay_holes, roderic_batcave, uniq_maud
D:12:     orc_david_3, yredelemnul_altar_generic
D:13:     lemuel_reptile_caves, grunt_vaults_entry_fortified,
          lemuel_flame_loot_1
D:14:     ashenzari_altar_1
D:15:     grunt_enter_depths_giant_problem, fedhas_altar_1, uniq_roxanne,
          uniq_nessos, uniq_kirke
Temple:   water_room_temple_a_12
Lair:1:   worms_lemuel
Lair:2:   st_stairs_11, serial_bayou_shore_b, infiniplex_staircase_pool_2,
          serial_bayou_shore_a, uniq_erica, uniq_harold
Lair:3:   serial_bayou_pond_b
Lair:4:   lab_entry_generic, lemuel_fruit_tree
Lair:5:   nicolae_volcano_entry_lava_flow, bh_autumn_forest_stairs
Lair:6:   lemuel_ratsnest, minmay_shoals_entry_lonely_mermaid,
          spider_nest_entry_funnel_web, slime_dummy, uniq_snorg
Lair:7:   roderic_lost_polar_bear, grunt_megastairs_3, uniq_josephine
Lair:8:   evilmike_catoblepas_cave
Orc:1:    nicolae_orc_accident_3, serial_shops, nicolae_shop_stone
Orc:3:    serial_shops, shop, nicolae_orc_pool_cavern, nicolae_orc_lost_temple
Orc:4:    grunt_orc_gardens, grunt_orc_garden, grunt_orc_garden,
          grunt_orc_garden, grunt_orc_garden, basic_altar, amalloy_card_club
Sewer:    kennysheep_pipe_town
Volcano:  volcano_overflow

Action                   |  1- 3 |  4- 6 |  7- 9 | 10-12 | 13-15 | 16-18 || total
-------------------------+-------+-------+-------+-------+-------+-------++-------
Melee: Unarmed           |   122 |   197 |   502 |   771 |  1195 |   621 ||  3408
Invok: Bend Time         |       |       |       |     1 |       |       ||     1
       Slouch            |       |       |       |       |     1 |     5 ||     6
Evoke: Wand              |       |       |       |       |       |     1 ||     1
  Use: Scroll            |       |     4 |     6 |    10 |    14 |     3 ||    37
       Potion            |       |     1 |     7 |     5 |    10 |     6 ||    29
 Stab: Sleeping          |     4 |       |       |     5 |    10 |       ||    19
       Distracted        |       |       |       |     1 |     5 |     2 ||     8
  Eat: Chunk             |    22 |    28 |    52 |    80 |   140 |    49 ||   371
       Meat ration       |       |       |       |     2 |       |       ||     2
